Goyle, lawful female dwarven Valkyrie --------- ----------- |........# |.........| |.......|) |.........| |.......|# |.........| i@*+#...|# #..........| ---------# |.........| # ---.------- # ## # # # ### # # # ### # # ###### #---------- #-.[......| |......%.| ---------- Goyle the Fighter Experience level: 7 Strength: 9 Dexterity: 11 Constitution: 20 Intelligence: 9 Wisdom: 8 Charisma: 8 Health: 0(81) Energy: 10(10) AC: 3 Gold: 913 Moves: 2714 Your Inventory: Coins $ - 913 gold pieces Amulets q - an uncursed amulet versus poison Weapons a - an uncursed +1 long sword (weapon in hand) b - an uncursed +0 dagger (in quiver) Armor c - an uncursed +3 small shield (being worn) j - an [uncursed] +0 orcish helm (being worn) v - a cursed -1 leather armor (being worn) J - an [uncursed] +0 orcish cloak (being worn) K - an [uncursed] +0 pair of speed boots (being worn) Comestibles d - 3 uncursed food rations Scrolls B - an [uncursed] unlabeled scroll [of blank paper] Potions g - an uncursed potion of confusion m - an uncursed potion of booze n - an uncursed potion of blindness x - an uncursed potion of fruit juice Tools s - an [uncursed tin] whistle y - a [cursed oil] lamp Spells known in the end: Name Level Category Fail Memory Your skills at the end: Fighting Skills Weapon Skills dagger [Basic / Expert] long sword [Basic / Expert] Spellcasting Skills Final Attributes: You were piously aligned. Hunger level was 1644. Your alignment was 23 / 23. Monster difficulty range was 1 - 7. Level difficulty was 7. You were immune to cold. You were hallucinating. You were punished. You were telepathic. You had infravision. You were stealthy. You were very fast. Your luck was zero. You are dead. Vanquished creatures: a small mimic a black light an ogre a dog a human zombie 2 yellow lights a paper golem 2 giant ants a floating eye a kitten a homunculus a kobold lord a kobold shaman 2 rothes a giant bat a wererat an iguana 2 killer bees 2 acid blobs 3 coyotes 2 hobgoblins a cave spider a green mold a red mold a gnome zombie 2 geckos 2 jackals 2 goblins 4 lichens a kobold zombie a newt and a partridge in a pear tree 45 creatures vanquished. Voluntary challenges: You were an atheist. You used a wielded weapon 67 times. You read items or engraved 5 times. You put on armor 5 times. You never genocided any monsters. You never polymorphed an object. You never changed form. You used no wishes. You never wrote Elbereth's name. You never encountered a bones level. You never used any Sokoban shortcuts. Dungeon overview: The Dungeons of Doom: levels 1 to 7 Level 1 a fountain a long staircase Level 2 (statue) a long staircase Level 3 a fountain Level 4 (plate mail) a general store, some fountains Level 5 an armor shop Level 6 (statue) Level 7 (chain mail) <- You were here a sink History has recorded: On T:1 you entered the Dungeons of Doom to retrieve the Amulet of Yendor! On T:354 you reached level 2 of The Dungeons of Doom. On T:635 you reached level 3 of The Dungeons of Doom. On T:717 you advanced to experience level 2. On T:730 you advanced to experience level 3. On T:984 you reached level 4 of The Dungeons of Doom. On T:991 you advanced to experience level 4. On T:1019 you advanced to experience level 5. On T:1234 you advanced to experience level 6. On T:1657 you reached level 5 of The Dungeons of Doom. On T:2262 you reached level 6 of The Dungeons of Doom. On T:2559 you reached level 7 of The Dungeons of Doom. On T:2651 you advanced to experience level 7. Latest messages: [HP+1=13] You're finally finished. [18 turns] [2 turns] [HP+1=14] [2 turns] (2x) [HP+1=15] [2 turns] (2x) [HP+1=16] [2 turns] The cockatrice wields a club! [2 turns] The paskald swings her club. The winter wolf hits! [HP-7=9] The Bluebear swings her club. The gnat ant hits! [HP-8=1] [2 turns] You hit the barfed devil! The hill giant swings her club. The goblin hits! You die... Final status: Farvel Goyle the Valkyrie... You died in The Dungeons of Doom on dungeon level 7 with 1674 points, and 913 pieces of gold, after 2714 moves. You were level 7 with a maximum of 81 hit points when you died.